 Dungeon Crawl Stone Soup version 0.19-a0-1008-g4c63d25 (webtiles) character file.

5574 Gagarin the Cleaver (level 10, -4/88 HPs)
             Began as a Hill Orc Fighter on July 23, 2016.
             Was a Priest of Qazlal.
             Killed from afar by an electric eel (11 damage)
             ... with a bolt of electricity
             ... on level 1 of the Lair of Beasts.
             The game lasted 00:22:39 (8538 turns).

Gagarin the Cleaver (Hill Orc Fighter)              Turns: 8538, Time: 00:22:40

Health: -4/88      AC: 10    Str: 20    XL:     10   Next: 72%
Magic:  10/10      EV: 11    Int: 11    God:    Qazlal [***...]
Gold:   348        SH: 16    Dex: 10    Spells: 1 memorised, 8 levels left

rFire  . . .     SeeInvis .     z - +2 war axe (chop)
rCold  . . .     Gourm    +     b - +0 scale mail
rNeg   . . .     Faith    .     c - +0 shield
rPois  .         Spirit   .     s - +0 helmet (curse)
rElec  .         Dismiss  .     d - +0 cloak
rCorr  .         Reflect  .     (no gloves)
SustAt .         Harm     .     (no boots)
MR     +....                    E - amulet "Ucha" {Gourm +Fly MR+}
Stlth  ..........               (no ring)
                                (no ring)

@: somewhat resistant to hostile enchantments, extremely unstealthy
A: no striking features
a: Upheaval, Elemental Force, Renounce Religion, Evoke Flight


You were on level 1 of the Lair of Beasts.
You worshipped Qazlal.
Qazlal was most pleased with you.
You were completely stuffed.

You visited 2 branches of the dungeon, and saw 10 of its levels.
You also visited: Sewer.

You collected 502 gold pieces.
You spent 154 gold pieces at shops.

Inventory:

Hand Weapons
 a - a +0 war axe
 y - a +0 hand crossbow
 z - a +2 war axe of chopping (weapon)
Armour
 b - a +0 scale mail (worn)
 c - a +0 shield (worn)
 d - a +0 cloak (worn)
 r - a +0 helmet
 s - a cursed +0 helmet (worn)
Jewellery
 E - the amulet "Ucha" (around neck) {Gourm +Fly MR+}
   (You found it on level 6 of the Dungeon)

   [amulet of the gourmand]

   It allows you to eat raw meat even when not hungry.
   It affects your resistance to hostile enchantments.
   It lets you fly.
Wands
 u - a wand of digging (4/24)
 F - a wand of paralysis (9/24)
 J - a wand of disintegration (13/24)
 K - a wand of flame (16/48)
Scrolls
 e - a scroll of immolation {unknown}
 h - 2 scrolls of blinking
 l - 3 scrolls of identify
 m - a scroll of amnesia {unknown}
 n - 2 scrolls of remove curse {unknown}
 p - 2 scrolls of teleportation {unknown}
 w - 3 scrolls of random uselessness {unknown}
 B - a scroll of noise {unknown}
 C - a scroll of recharging {unknown}
 G - a scroll of magic mapping {unknown}
 H - 3 scrolls of enchant armour {unknown}
 N - a scroll of fog {unknown}
Potions
 g - a potion of magic {unknown}
 i - 2 potions of curing {unknown}
 q - 3 potions of agility
 t - a potion of resistance {unknown}
 v - a potion of flight {unknown}
 A - 2 potions of degeneration {unknown}
 D - a potion of might
 I - a potion of cancellation {unknown}
 L - a potion of lignification {unknown}
Books
 O - a book of Beasts

   Spells                             Type                      Level
   a - Summon Butterflies             Summoning                    1
   b - Call Canine Familiar           Summoning                    3
   c - Summon Ice Beast               Ice/Summoning                4
   d - Summon Mana Viper              Hexes/Summoning              5
   e - Summon Hydra                   Summoning                    7
Comestibles
 f - 7 bread rations
 j - 2 beef jerkies
 k - 5 meat rations
 o - 5 fruits
 x - a slice of pizza
 M - 5 chunks of flesh


   Skills:
 + Level 8.0 Fighting
 + Level 9.5 Axes
 + Level 8.1 Armour
 + Level 5.6 Dodging
 + Level 1.5 Stealth
 + Level 9.4 Shields
 + Level 0.3 Invocations


You had 8 spell levels left.
You knew the following spells:

 Your Spells              Type           Power        Failure   Level  Hunger
a - Summon Butterflies    Summ           #.......     99%         1    ##.....


Dungeon Overview and Level Annotations

Branches:
Dungeon (9/15)             Temple (0/1) D:6            Lair (1/6) D:8
    Orc: D:9-12

Altars:
Kikubaaqudgha
Makhleb
Qazlal
Vehumet
Zin
The Shining One

Shops:
D:4 (   D:8 ([


Message History

The electric eel is moderately wounded.
You slash the electric eel!
The electric eel shoots out a bolt of lightning at you!
The bolt of electricity hits you!
The electric eel shoots out a bolt of lightning at you!
The bolt of electricity hits you!
* * * LOW HITPOINT WARNING * * *
You are too injured to fight recklessly!
You closely miss the electric eel.
The electric eel is severely wounded.
You closely miss the electric eel.
The electric eel shoots out a bolt of lightning at you!
The bolt of electricity hits you!
* * * LOW HITPOINT WARNING * * *
You hit the electric eel but do no damage.
The electric eel is severely wounded.
You barely miss the electric eel.
The electric eel shoots out a bolt of lightning at you!
The bolt of electricity hits you!
You die...

.......# ......##
.≈≈..≈..≈≈.≈≈ ......# .
♣..≈≈.≈≈..≈.. ......# #.
≈≈≈≈.≈≈..≈.. ......#
P..♣≈≈≈...≈≈≈.. .......#
#.....≈≈≈≈....≈
.......## .....≈≈≈...≈≈
........# ##..;≈.≈..≈♣
........#####..♣@;.≈..♣
.......#..#.#P...♣..♣...
........................
........................
.......##.......####..##
.......##.#P.###.# ##
.......####### ##
.......# ########


You could see 2 electric eels.

Vanquished Creatures
  An elephant (D:8)
  Joseph (D:8)
  The ghost of heinrich the Chopper, a novice DsGl of Uskayaw (D:5)
  A two-headed ogre (D:8)
  Prince Ribbit (D:7)
  Sigmund (D:3)
  A hungry ghost (D:8)
  The ghost of Multipenetrator the Covered, an amateur TeFi (D:4)
  A water moccasin (Lair:1)
  3 ice beasts
  3 sky beasts (D:7)
  2 orc warriors (D:8)
  Purgy (Sewer)
  3 ogres
  3 centaurs
  A crocodile (Lair:1)
  A big kobold (Sewer)
  4 giant frogs
  A wyvern zombie (D:9)
  5 wights (D:6)
  2 howler monkeys (D:6)
  2 crimson imps
  8 hounds
  3 giant frog skeletons
  An orc priest (D:4)
  6 orc wizards
  Terence (D:3)
  11 worker ants
  2 sheep (D:8)
  A worker ant zombie (D:8)
  Robin (D:2)
  A howler monkey zombie (D:5)
  10 adders
  2 shadow imps
  2 adder skeletons
  A worm (D:5)
  A dart slug (D:1)
  8 giant geckos
  24 orcs
  4 ball pythons
  3 giant cockroaches
  16 goblins
  9 hobgoblins
  5 jackals
  11 kobolds
  4 quokkas
  A ball python skeleton (D:6)
  9 bats
  3 giant newts (D:2)
  A jackal skeleton (D:8)
  2 quokka skeletons (D:4)
  7 rats
198 creatures vanquished.

Vanquished Creatures (collateral kills)
  The ghost of Multipenetrator the Nimble, a novice OgBe of Trog (D:8)
1 creature vanquished.

Vanquished Creatures (others)
  A giant cockroach (D:2)
  7 fungi
  A plant (D:8)
9 creatures vanquished.

Grand Total: 208 creatures vanquished

Notes
Turn   | Place    | Note
-------+----------+-------------------------------------------
     0 | D:1      | Gagarin the Hill Orc Fighter began the quest for the Orb.
     0 | D:1      | Reached XP level 1. HP: 19/19 MP: 1/1
   142 | D:1      | Reached XP level 2. HP: 27/27 MP: 2/2
   507 | D:1      | Reached XP level 3. HP: 33/33 MP: 3/3
   730 | D:2      | Found a stormy altar of Qazlal.
   752 | D:2      | Became a worshipper of Qazlal Stormbringer
   944 | D:2      | Reached XP level 4. HP: 40/40 MP: 4/4
  1207 | D:2      | Noticed Robin
  1237 | D:2      | Killed Robin
  1238 | D:2      | Reached skill level 1 in Dodging
  1542 | D:3      | Reached XP level 5. HP: 14/47 MP: 5/5
  1546 | D:3      | Reached * piety under Qazlal
  1909 | D:3      | Noticed Sigmund
  1989 | D:4      | Reached XP level 6. HP: 39/53 MP: 6/6
  2140 | D:4      | Found Nesarph's Antique Weapon Shop.
  2168 | D:4      | Bought a hand crossbow for 77 gold pieces
  2168 | D:4      | Bought a runed war axe for 77 gold pieces
  2303 | D:4      | Noticed Multipenetrator's ghost (amateur TeFi)
  2330 | D:4      | Killed Multipenetrator's ghost
  2330 | D:4      | Reached skill level 5 in Shields
  2556 | D:4      | Reached XP level 7. HP: 57/60 MP: 7/7
  2710 | D:5      | Entered Level 5 of the Dungeon
  2715 | D:5      | Noticed heinrich's ghost (novice DsGl)
  2745 | D:5      | Killed heinrich's ghost
  2745 | D:5      | Reached skill level 5 in Fighting
  2745 | D:5      | Reached skill level 5 in Armour
  2969 | D:5      | Found a glowing drain.
  2996 | Sewer    | Entered a sewer
  3073 | Sewer    | Noticed Purgy
  3079 | Sewer    | Killed Purgy
  3079 | Sewer    | Reached skill level 5 in Axes
  3119 | Sewer    | Reached XP level 8. HP: 64/69 MP: 8/8
  3328 | D:5      | Reached ** piety under Qazlal
  3903 | D:5      | Found a glowing golden altar of the Shining One.
  3904 | D:5      | Found a radiant altar of Vehumet.
  4172 | D:3      | Noticed Terence
  4242 | D:3      | Killed Terence
  4541 | D:3      | Killed Sigmund
  4817 | D:6      | Reached XP level 9. HP: 75/75 MP: 9/9
  4871 | D:6      | Found a glowing silver altar of Zin.
  4875 | D:6      | Found an ancient bone altar of Kikubaaqudgha.
  4957 | D:6      | Found a staircase to the Ecumenical Temple.
  4978 | D:6      | Found a burning altar of Makhleb.
  5001 | D:6      | Got a twitching golden amulet
  5187 | D:6      | Reached skill level 1 in Stealth
  5191 | D:6      | Identified the amulet "Ucha" {Gourm +Fly MR+} (You found it on level 6 of the Dungeon)
  5559 | D:7      | Noticed Prince Ribbit
  5569 | D:7      | Killed Prince Ribbit
  5614 | D:7      | Reached *** piety under Qazlal
  6729 | D:8      | Noticed Joseph
  6756 | D:8      | Killed Joseph
  6756 | D:8      | Reached skill level 5 in Dodging
  6756 | D:8      | Reached XP level 10. HP: 60/86 MP: 10/10
  7030 | D:8      | Noticed Multipenetrator's ghost (novice OgBe)
  7072 | D:8      | Killed Multipenetrator's ghost
  7416 | D:8      | Found a staircase to the Lair.
  7423 | D:8      | Noticed an elephant
  7827 | D:8      | Killed an elephant
  8131 | D:8      | Found Piyr's Antique Weapon Boutique.
  8344 | D:8      | Found Ceshenoa's Antique Armour Emporium.
  8386 | Lair:1   | Entered Level 1 of the Lair of Beasts
  8499 | Lair:1   | Learned a level 1 spell: Summon Butterflies
  8538 | Lair:1   | Killed from afar by an electric eel

Vault maps used:
D:1:      scummos_arrival_simple_fountains
D:2:      nicolae_qazlal_eye_of_the_storm, first_bread, grunt_ministairs_3,
          uniq_robin
D:3:      uniq_sigmund, uniq_terence
D:4:      serial_shops, nicolae_shop_window_shopping, serial_aquarium,
          aquarium_bridge_square, aquarium_window_2, aquarium_window_3,
          aquarium_window_2, aquarium_view_2c, aquarium_view_2d,
          aquarium_balcony_1b
D:5:      gammafunk_temple_overflow_statue, portal_sewer_entry_d
D:6:      nicolae_overflow_hidden_temple, minitemple
D:7:      uniq_prince_ribbit1
D:8:      david_lair_generic, serial_shops, nicolae_shop_crystal,
          kennysheep_mini, uniq_joseph
D:9:      nicolae_dithmenos_shadow_blocks, lemuel_coloured_pillars_altar
Lair:1:   nicolae_quartered_pool_medium, serial_bayou_crossing
Sewer:    kennysheep_door_sewer

Skill      XL: |  1  2  3  4  5  6  7  8  9 10 |
---------------+-------------------------------+-----
Fighting       | 4 5 6 7 8 |  8.0
Axes           | 3 4 5 8 9 |  9.5
Shields        | 4 5 6 7 8 9 |  9.4
Dodging        | 1 2 3 4 5 |  5.6
Armour         | 4 5 6 7 8 |  8.1
Stealth        | 1 |  1.5
Invocations    | |  0.3

Action                   |  1- 3 |  4- 6 |  7- 9 | 10-12 || total
-------------------------+-------+-------+-------+-------++-------
Melee: War axe           |   142 |   180 |   292 |   147 ||   761
Invok: Elemental Force   |       |       |       |     1 ||     1
  Use: Potion            |       |     1 |       |       ||     1
       Scroll            |       |     1 |     1 |     3 ||     5
  Eat: Chunk             |       |     6 |    24 |     6 ||    36
Armor: Scale mail        |    77 |    83 |    72 |    22 ||   254
Dodge: Dodged            |    47 |    70 |    86 |    28 ||   231
Block: Shield            |    83 |    96 |   182 |    78 ||   439
